 Dungeon Crawl Stone Soup version 0.18.1-50-g88ac8fd (webtiles) character file.

2328 wolfsongas the Blocker (level 9, -10/63 HPs)
             Began as a Formicid Fighter on May 1, 2017.
             Mangled by Joseph
             ... wielding a +4 quarterstaff of protection
              (13 damage)
             ... on level 7 of the Dungeon.
             The game lasted 00:23:39 (4138 turns).

wolfsongas the Blocker (Formicid Fighter)           Turns: 4138, Time: 00:23:39

Health: -10/63     AC:  9    Str: 19    XL:     9   Next: 69%
Magic:  13/13      EV: 11    Int:  8    God:    Xom [*.....]
Gold:   245        SH: 11    Dex:  8    Spells: 0 memorised, 14 levels left

rFire  . . .     SeeInvis +     d - +0 glaive
rCold  . . .     Gourm    .     b - +0 scale mail
rNeg   . . .     Faith    .     c - +0 shield
rPois  +         Spirit   .     (helmet unavailable)
rElec  .         Dismiss  .     (no cloak)
rCorr  .         Reflect  .     (no gloves)
SustAt .         Harm     .     j - +0 pair of boots
MR     .....                    (no amulet)
Stlth  +.........               g - -3 ring of strength
                                e - ring of poison resistance

@: not resistant to hostile enchantments, very unstealthy
A: permanent stasis, dig shafts and tunnels, four strong arms, antennae 3,
clumsy 1, frail 1, weak 1
a: Dig, Shaft Self, Renounce Religion


You were on level 7 of the Dungeon.
You worshipped Xom.
You were a special plaything of Xom.
You were not hungry.

You visited 1 branch of the dungeon, and saw 7 of its levels.

You collected 245 gold pieces.

Inventory:

Hand Weapons
 a - a +0 war axe
 d - a +0 glaive (weapon)
 f - a +0 flail
 h - a +0 dagger of venom
 l - a +1 short sword of protection
 n - a +2 mace of venom
Armour
 b - a +0 scale mail (worn)
 c - a +0 shield (worn)
 j - a +0 pair of boots (worn)
 p - a +0 naga barding
Jewellery
 e - a ring of poison resistance (left hand)
 g - a -3 ring of strength (right hand)
Scrolls
 k - 4 scrolls of recharging
 m - a scroll of identify
 o - a scroll of amnesia
 r - 2 scrolls of teleportation {unknown}
Potions
 i - a potion of cancellation


   Skills:
 + Level 6.3 Fighting
 + Level 4.6 Short Blades
 + Level 3.9(4.9) Axes
 + Level 3.1(4.1) Maces & Flails
 + Level 3.0(3.9) Polearms
 + Level 3.0 Throwing
 + Level 6.5 Armour
 + Level 5.5 Dodging
 + Level 4.2 Stealth
 + Level 9.1 Shields
 + Level 3.0 Unarmed Combat
 + Level 3.0 Spellcasting


You had 14 spell levels left.
You didn't know any spells.

Dungeon Overview and Level Annotations

Branches:
Dungeon (7/15)             Temple (0/1) D:4

Altars:
Dithmenos
Qazlal
Sif Muna
Xom
Yredelemnul

Annotations:
D:5 Eustachio
D:6 Sigmund; wolfsongas's ghost, novice DsCK
D:7 Joseph


Innate Abilities, Weirdness & Mutations

You are under a permanent stasis effect.
You can dig through walls and to a lower floor.
Your four strong arms can wield two-handed weapons with a shield.
You have a pair of large antennae on your head (SInv).
You are clumsy. (Dex -2)
You are frail (-10% HP).
You are weak. (Str -2)


Message History

Joseph hits you with an uncursed quarterstaff of protection!
* * * LOW HITPOINT WARNING * * *
You slash Joseph!
Joseph is moderately wounded.
Joseph hits you but does no damage.
You slash Joseph!
Joseph is heavily wounded.
You block Joseph's attack. x2
You hit Joseph but do no damage.
Joseph is heavily wounded.
You block Joseph's attack.
You closely miss Joseph.
Joseph is heavily wounded.
Joseph completely misses you.
You slash Joseph!
Joseph is severely wounded. "Forecast: mostly cloudy."
Joseph hits you with an uncursed quarterstaff of protection!
You die...
Xom giggles madly!

#######.######.###.# { #.#.#
#.# #.#.# #.# # #.#.# #.#
#.##### #.#.# #.# #
..#.....####.#.######.###.###
.......((@..(................
###.....####@##########......
#.....####@## ......
...@.....#.((.# ......
###.........### ......
#.........# ......
####.#....# ...... #.#.(..#
#.#.## #.#. #.#.


You could see Joseph.

Vanquished Creatures
  The ghost of wolfsongas the Ducker, an amateur TrBe of Ashenzari (D:5)
  The ghost of wolfsongas the Ruffian, an amateur GrMo (D:3)
  A sky beast (D:5)
  A phantom (D:4)
  Blork the orc (D:5)
  2 scorpions (D:4)
  2 howler monkeys (D:4)
  2 crimson imps (D:5)
  A centaur skeleton (D:6)
  An orc priest (D:3)
  A hound (D:5)
  2 orc wizards (D:5)
  An iguana (D:5)
  Natasha (thrice) (D:2)
  A hound skeleton (D:4)
  4 adders (D:2)
  An ooze (D:2)
  A dart slug (D:2)
  2 giant geckos
  8 orcs
  5 bats
  6 giant cockroaches
  5 goblins
  6 hobgoblins
  2 quokkas (D:3)
  2 giant newts
  6 kobolds
  A quokka skeleton (D:5)
  12 rats
82 creatures vanquished.

Notes
Turn   | Place    | Note
--------------------------------------------------------------
     0 | D:1      | wolfsongas the Formicid Fighter began the quest for the Orb.
     0 | D:1      | Reached XP level 1. HP: 18/18 MP: 1/1
   158 | D:1      | Reached XP level 2. HP: 24/24 MP: 2/2
   744 | D:2      | Found a shimmering altar of Xom.
   780 | D:2      | Reached skill level 4 in Shields
   780 | D:2      | Reached XP level 3. HP: 29/29 MP: 3/3
   782 | D:2      | Became a worshipper of Xom of Unknown Intention
   797 | D:2      | XOM: silly message
   880 | D:2      | XOM: harmless Air miscast
   936 | D:2      | Reached XP level 4. HP: 33/37 MP: 4/4
   940 | D:2      | Reached skill level 1 in Dodging
  1114 | D:2      | Noticed Natasha
  1129 | D:2      | Killed Natasha
  1208 | D:2      | Noticed Natasha
  1225 | D:2      | XOM: harmless Fire miscast
  1229 | D:2      | Killed Natasha
  1229 | D:2      | Reached XP level 5. HP: 29/42 MP: 5/5
  1292 | D:2      | Noticed Natasha
  1306 | D:2      | XOM: harmless Pois miscast
  1313 | D:2      | Killed Natasha
  1313 | D:2      | XOM: butterfly on damage
  1313 | D:2      | Reached skill level 1 in Short Blades
  1379 | D:2      | XOM is BORED!
  1379 | D:2      | XOM: mild Pois miscast
  1563 | D:2      | XOM: mild Hex miscast
  1580 | D:2      | XOM: give mutations
  1580 | D:2      | Gained mutation: You are weak. (Str -2) [Xom's mischief]
  1580 | D:2      | Gained mutation: You are frail (-10% HP). [Xom's mischief]
  1580 | D:2      | Gained mutation: You are clumsy. (Dex -2) [Xom's mischief]
  1665 | D:3      | XOM: god gift: 23 gold pieces
  1705 | D:3      | XOM: harmless Summ miscast
  1730 | D:3      | Noticed wolfsongas's ghost (amateur GrMo)
  1753 | D:3      | XOM: harmless Ice miscast
  1756 | D:3      | XOM: potion effect (invisibility)
  1765 | D:3      | Killed wolfsongas's ghost
  1765 | D:3      | Reached skill level 5 in Shields
  1765 | D:3      | Reached XP level 6. HP: 43/43 MP: 6/6
  1823 | D:3      | XOM: silly message
  2183 | D:3      | XOM: smoke on damage
  2586 | D:4      | Found a staircase to the Ecumenical Temple.
  2591 | D:4      | Noticed a phantom
  2604 | D:4      | XOM: harmless Trmt miscast
  2614 | D:4      | XOM: summons friendly shadow imp
  2618 | D:4      | Reached XP level 7. HP: 49/49 MP: 7/7
  2640 | D:4      | XOM: smoke on damage
  2661 | D:4      | XOM: cast spell 'Summon Butterflies'
  2664 | D:4      | XOM: harmless Hex miscast
  2806 | D:4      | XOM: divination: magic mapping
  2968 | D:4      | Found a basalt altar of Yredelemnul.
  3330 | D:4      | XOM: harmless Pois miscast
  3359 | D:5      | Entered Level 5 of the Dungeon
  3378 | D:5      | Noticed Blork the orc
  3379 | D:5      | Noticed Eustachio
  3386 | D:5      | XOM: potion effect (heal wounds)
  3392 | D:5      | Reached skill level 6 in Shields
  3408 | D:5      | XOM: blink monster(s)
  3414 | D:5      | XOM: divination: detect creatures
  3418 | D:5      | XOM: potion effect (curing)
  3419 | D:5      | XOM: mild Air miscast
  3421 | D:5      | XOM: potion effect (brilliance)
  3424 | D:5      | Killed Blork the orc
  3433 | D:5      | XOM: divination: magic mapping
  3435 | D:5      | You fall through a shaft!
  3435 | D:6      | XOM: potion effect (heal wounds)
  3444 | D:6      | Noticed wolfsongas's ghost (novice DsCK)
  3450 | D:6      | XOM: harmless Erth miscast
  3457 | D:6      | XOM: divination: detect creatures
  3478 | D:6      | XOM: harmless Divn miscast
  3497 | D:6      | XOM: divination: magic mapping
  3498 | D:6      | XOM: potion effect (curing)
  3519 | D:6      | XOM: potion effect (agility)
  3526 | D:6      | Noticed Sigmund
  3533 | D:6      | XOM: potion effect (curing)
  3538 | D:5      | Found a shadowy altar of Dithmenos.
  3538 | D:5      | XOM: silly message
  3553 | D:5      | XOM: potion effect (heal wounds)
  3581 | D:5      | Reached XP level 8. HP: 45/54 MP: 8/8
  3603 | D:5      | Reached skill level 5 in Armour
  3616 | D:5      | Reached skill level 5 in Fighting
  3703 | D:5      | Noticed wolfsongas's ghost (amateur TrBe)
  3715 | D:5      | XOM: potion effect (brilliance)
  3716 | D:5      | XOM: harmless Necr miscast
  3730 | D:5      | XOM: potion effect (agility)
  3738 | D:5      | XOM: potion effect (might)
  3739 | D:5      | XOM: harmless Erth miscast
  3742 | D:5      | Killed wolfsongas's ghost
  3742 | D:5      | Reached skill level 1 in Stealth
  3742 | D:5      | Reached skill level 7 in Shields
  3747 | D:5      | XOM: potion effect (invisibility)
  3912 | D:5      | XOM: potion effect (experience)
  3912 | D:5      | Reached skill level 5 in Dodging
  3912 | D:5      | Reached skill level 9 in Shields
  3912 | D:5      | Reached XP level 9. HP: 44/63 MP: 8/13
  3934 | D:5      | You are sucked into a shaft for 2 floors!
  4029 | D:7      | XOM: divination: detect creatures
  4075 | D:7      | Found a stormy altar of Qazlal.
  4076 | D:7      | Found a deep blue altar of Sif Muna.
  4111 | D:7      | Noticed Joseph
  4133 | D:7      | HP: 2/63 [Joseph/uncursed quarterstaff of protection (8)]
  4138 | D:7      | XOM: chaos cloud
  4138 | D:7      | Mangled by Joseph

Skill      XL: |  1  2  3  4  5  6  7  8 |
---------------+-------------------------+-----
Shields        | 4 5 6 9 |  9.1
Dodging        | 1 2 3 5 |  5.5
Fighting       | 4 6 |  6.3
Short Blades   | 1 2 4 |  4.6
Armour         | 4 6 |  6.5
Stealth        | 4 |  4.2
Axes           | 3 |  3.9
Maces & Flails | 3 |  3.1
Polearms       | 3 |  3.0
Throwing       | 3 |  3.0
Unarmed Combat | 3 |  3.0
Spellcasting   | 3 |  3.0

Action                   |  1- 3 |  4- 6 |  7- 9 || total
-------------------------+-------+-------+-------++-------
Melee: War axe           |    47 |       |       ||    47
       Short sword       |    67 |   272 |   279 ||   618
       Glaive            |       |       |    21 ||    21
 Abil: Dig               |     4 |     6 |     9 ||    19
       Shaft Self        |       |       |     2 ||     2
  Use: Scroll            |     6 |     3 |     4 ||    13
       Potion            |     1 |     6 |     2 ||     9
 Stab: Invisible         |       |     1 |       ||     1
  Eat: Bread ration      |     1 |     1 |     1 ||     3
       Royal jelly       |     1 |       |       ||     1
       Chunk             |       |     5 |     2 ||     7
Armor: Scale mail        |    87 |   129 |   123 ||   339
       Skin              |       |     5 |       ||     5
Dodge: Dodged            |    36 |   106 |   149 ||   291
Block: Shield            |    66 |   153 |   194 ||   413
